 Dungeon Crawl Stone Soup version 0.19.1 (webtiles) character file.

79 Kailar the Gusty (level 4, -11/34 HPs)
             Began as a Draconian Air Elementalist on Nov 28, 2016.
             Mangled by Sigmund
             ... wielding a +0 scythe
              (14 damage)
             ... on level 2 of the Dungeon.
             The game lasted 00:13:49 (1336 turns).

Kailar the Gusty (Draconian Air Elementalist)       Turns: 1336, Time: 00:13:50

Health: -11/34     AC:  7    Str: 10    XL:     4   Next: 16%
Magic:  1/7        EV: 12    Int: 17    God:
Gold:   54         SH:  0    Dex: 11    Spells: 1 memorised, 6 levels left

rFire  . . .     SeeInvis +     k - -1 mace
rCold  . . .     Gourm    .     (armour unavailable)
rNeg   . . .     Faith    .     (no shield)
rPois  .         Spirit   .     o - +2 hat
rElec  .         Reflect  .     (no cloak)
rCorr  .         Harm     .     (no gloves)
MR     .....                    (no boots)
Stlth  ++........               (no amulet)
                                (no ring)
                                p - ring of see invisible

@: about to teleport, very slightly contaminated
A: unfitting armour, cold-blooded, AC +5
a: no special abilities


You were on level 2 of the Dungeon.
You were hungry.

You visited 1 branch of the dungeon, and saw 2 of its levels.

You collected 54 gold pieces.

Inventory:

Hand Weapons
 c - a +0 club
 k - a -1 mace (weapon)
Missiles
 d - 8 arrows
 f - 21 bolts
 s - 29 sling bullets
Armour
 g - a +0 shield
 i - a +0 helmet
 o - a +2 hat (worn)
Jewellery
 p - a ring of see invisible (left hand)
Wands
 r - a wand of enslavement (15/24)
 v - a wand of random effects (17/48)
Scrolls
 e - 2 scrolls of identify
 j - 2 scrolls of recharging
 m - a scroll of teleportation
 q - 2 scrolls of fog
Potions
 h - 2 potions of curing
Books
 a - a book of Air

   Spells                             Type                      Level
   a - Shock                          Conjuration/Air              1
   b - Swiftness                      Charms/Air                   2
   c - Repel Missiles                 Charms/Air                   2
   d - Static Discharge               Conjuration/Air              3
   e - Lightning Bolt                 Conjuration/Air              5
Comestibles
 b - 3 bread rations
 l - a slice of pizza
 n - 4 fruits
 t - a meat ration
 u - 4 chunks of flesh


   Skills:
 + Level 0.4 Fighting
 + Level 1.0 Maces & Flails
 + Level 2.6 Dodging
 + Level 2.1 Stealth
 + Level 2.3 Spellcasting
 + Level 1.4 Conjurations
 + Level 3.5 Air Magic


You had 6 spell levels left.
You knew the following spells:

 Your Spells              Type           Power        Failure   Level  Hunger
a - Shock                 Conj/Air       ##..         10%         1    #......


Dungeon Overview and Level Annotations

Branches:
Dungeon (2/15)

Altars:

Annotations:
D:2 Sigmund


Innate Abilities, Weirdness & Mutations

Your plain brown scales are hard. (AC +5)
You cannot fit into any form of body armour.
You are cold-blooded and may be slowed by cold attacks.


Message History

Casting: Shock
Confirm with . or Enter, or press ? or * to list all spells.
Aiming: Shock
Press: ? - help, Shift-Dir - straight line, f/p - Sigmund
Aim: Sigmund, wielding a scythe and wearing a robe (moderately wounded)
The zap hits Sigmund.
Sigmund appears unharmed.
Sigmund is moderately wounded.
Casting: Shock
Confirm with . or Enter, or press ? or * to list all spells.
Aiming: Shock
Press: ? - help, Shift-Dir - straight line, f/p - Sigmund
Aim: Sigmund, wielding a scythe and wearing a robe (moderately wounded)
The zap hits Sigmund.
Sigmund is moderately wounded.
Sigmund hits you from afar with a scythe!
* * * LOW HITPOINT WARNING * * *
As you read the scroll of teleportation, it crumbles to dust.
You feel strangely unstable.
Sigmund hits you from afar with a scythe!
You die...

#..........# #.#.####.###
#.#.# !.. #.#.# ### #.#.#
#.#.# ######.#.# ......@#.#
.####..?@#### ............#
#####.#####.# #. #.# #
#.########### #.##........#
#.###########.##.######.###
#.#..............# #.....
#.#.#########.#### #..###


You could see Sigmund.

Vanquished Creatures
  4 adders (D:2)
  A worm (D:2)
  A dart slug (D:2)
  3 leopard geckos (D:1)
  A ball python (D:1)
  A giant cockroach (D:2)
  5 goblins
  3 hobgoblins (D:1)
  4 jackals (D:1)
  4 kobolds
  3 bats (D:1)
  2 frilled lizards (D:1)
  3 rats (D:2)
35 creatures vanquished.

Notes
Turn   | Place    | Note
-------+----------+-------------------------------------------
     0 | D:1      | Kailar the Draconian Air Elementalist began the quest for the Orb.
     0 | D:1      | Reached XP level 1. HP: 14/14 MP: 3/3
   186 | D:1      | Reached XP level 2. HP: 9/20 MP: 0/5
   475 | D:1      | Reached XP level 3. HP: 22/26 MP: 3/6
  1272 | D:2      | Reached XP level 4. HP: 28/34 MP: 7/7
  1296 | D:2      | Reached skill level 1 in Maces & Flails
  1319 | D:2      | Noticed Sigmund
  1336 | D:2      | Mangled by Sigmund

Skill      XL: |  1  2  3  4 |
---------------+-------------+-----
Dodging        | 2 |  2.6
Stealth        | 2 |  2.1
Maces & Flails | 1 |  1.0
Fighting       | |  0.4
Spellcasting   | |  2.3
Conjurations   | |  1.4
Air Magic      | |  3.5

Action                   |  1- 3 |  4- 6 || total
-------------------------+-------+-------++-------
Melee: Club              |    24 |       ||    24
       Tailslap          |     6 |       ||     6
       Unarmed           |     2 |       ||     2
       Mace              |    61 |     7 ||    68
 Cast: Shock             |    38 |     7 ||    45
Evoke: Wand              |     1 |       ||     1
  Use: Scroll            |     6 |     3 ||     9
       Potion            |     3 |       ||     3
 Stab: Sleeping          |     1 |       ||     1
  Eat: Beef jerky        |     1 |       ||     1
Armor: Skin              |    34 |     7 ||    41
Dodge: Dodged            |    67 |     7 ||    74
